 Dungeon Crawl Stone Soup version 0.30-a0-210-g01b79a254e (webtiles) character file.

Game seed: 6846758534132738403

243 zishaf the Gusty (level 6, -3/36 HPs)
             Began as a Tengu Air Elementalist on Oct 4, 2022.
             Slain by a phantom (6 damage)
             ... on level 4 of the Dungeon.
             The game lasted 00:05:40 (3094 turns).

zishaf the Gusty (Tengu Air Elementalist)           Turns: 3094, Time: 00:05:41

Health: -3/36      AC:  3    Str:  9    XL:     6   Next: 9%
Magic:  5/11       EV: 14    Int: 17    God:
Gold:   124        SH:  0    Dex: 14    Spells: 4/11 levels left

rFire   . . .      SeeInvis .    j - staff of conjuration
rCold   . . .      Faith    .    (no shield)
rNeg    . . .      Spirit   .    a - +1 robe
rPois   .          Reflect  .    (helmet restricted)
rElec   .          Harm     .    (no cloak)
rCorr   .          Rampage  .    (no gloves)
Will    .....                    (boots unavailable)
Stlth   ++........               (no amulet)
HPRegen 0.26/turn                (no ring)
MPRegen 0.12/turn                (no ring)

@: flying quickly and evasively, quick
A: beak, talons 3, nimble flight
a: no special abilities


You were on level 4 of the Dungeon.
You visited 1 branch of the dungeon, and saw 4 of its levels.

You collected 124 gold pieces.

Inventory:

Armour
 a - a +1 robe (worn)
Magical Staves
 j - a staff of conjuration (weapon)
Scrolls
 d - 2 scrolls of amnesia
 f - a scroll of enchant armour
Potions
 c - 3 potions of attraction
 g - a potion of curing
 q - a potion of heal wounds {unknown}
 r - a potion of berserk rage {unknown}


   Skills:
 + Level 2.9 Fighting
 - Level 2.1 Dodging
 - Level 2.0 Stealth
 - Level 3.0 Spellcasting
 + Level 4.0 Conjurations
 + Level 5.7 Air Magic


You had 4 spell levels left.
You knew the following spells:

 Your Spells              Type           Power      Damage    Failure   Level
a - Shock                 Conj/Air       100%       1d9       2%          1
b - Airstrike             Air            10%        2d(2-18)  17%         4
A - Static Discharge      Conj/Air       56%        2-5/arc   3%          2

Your spell library contained the following spells:

 Spells                   Type           Power      Damage    Failure   Level
 Swiftness                Air            21%        N/A       4%          3
 Hailstorm                Conj/Ice       14%        3d5       22%         3
 Kindle Blastsparks       Fire/Tloc/Air  18%        2d11      24%         3
 Fulminant Prism          Conj/Hex       7%         3d7       58%         4
 Iskenderun's Mystic Bla  Conj/Tloc      14%        2d5       58%         4
 Ice Form                 Ice/Tmut       2%         N/A       86%         4
 Lee's Rapid Deconstruct  Erth           1%         3d5*      99%         5
 Simulacrum               Ice/Necr       1%         N/A       100%        6


Dungeon Overview and Level Annotations

Branches:
Dungeon (4/15)
 Temple: D:4-7

Altars:


Innate Abilities, Weirdness & Mutations

You have a beak for a mouth.
You have claws for feet.
Your magical nature lets you fly swiftly and evasively.


Message History

You feel a surge of power!
The zap misses the phantom.
Casting: Shock (safe; 2% risk of failure)
Confirm with . or Enter, or press ? or * to list all spells.
Aiming: Shock (safe; 2% risk of failure)
Press: ? - help, Shift-Dir - straight line, f/p - phantom
Aim: a phantom (64% to hit)
You feel a surge of power!
The zap hits the phantom!
The phantom is moderately damaged.
You hear the slow hiss of an avalanche of sand nearby.
Casting: Shock (safe; 2% risk of failure)
Confirm with . or Enter, or press ? or * to list all spells.
You feel a surge of power!
The phantom is struck by an arc of lightning.
The phantom is moderately damaged.
You are struck by an arc of lightning.
The lightning grounds out.
The phantom hits you.
Casting: Static Discharge (safe; 3% risk of failure)
Confirm with . or Enter, or press ? or * to list all spells.
You feel a surge of power!
The phantom is struck by an arc of lightning.
The phantom is heavily damaged.
You are struck by an arc of lightning.
* * * LOW HITPOINT WARNING * * *
The phantom is struck by an arc of lightning.
The phantom is heavily damaged.
You are struck by an arc of lightning.
* * * LOW HITPOINT WARNING * * *
The lightning grounds out.
The phantom hits you.
* * * LOW HITPOINT WARNING * * *
The phantom blinks!
You blink.
A kobold comes into view. It is wielding a +0 whip.
Casting: Static Discharge (safe; 3% risk of failure)
Confirm with . or Enter, or press ? or * to list all spells.
Aiming: Shock (safe; 2% risk of failure)
Press: ? - help, Shift-Dir - straight line, f/p - phantom
Aim: a phantom (heavily damaged, 64% to hit)
You feel a surge of power!
The zap misses the phantom.
The kobold shouts!
The phantom hits you.
You die...

#......#......l.#
#.....##...##..######.
######(....##...##.........
+.......†§.'.....)........
#..........#........##..##
#.?##.....#######..##..##.
.##.....##...##......##.
..........#.....).........
........W@#...............
#########.############.### ####
.##.###..##.### ##.###.### ...#
........<.....# .#......... ...+
..............# .'......... #..#
..####...##...# #######.###
#..########...####'##########.###
...+.............?K..+...#.......
...#.................#...'.......


You could see a phantom and a kobold.

Vanquished Creatures
  A scorpion (D:3)
  2 iguanas (D:4)
  Robin (D:2)
  4 adders (D:3)
  3 worms
  2 dart slugs
  5 orcs
  4 ball pythons
  5 endoplasms
  5 giant cockroaches
  7 goblins
  12 hobgoblins
  2 jackals (D:2)
  7 kobolds
  4 bats
  3 frilled lizards
  4 rats
71 creatures vanquished.

Vanquished Creatures (others)
  A fungus (D:2)
1 creature vanquished.

Grand Total: 72 creatures vanquished

Notes
Turn   | Place    | Note
-------+----------+-------------------------------------------
     0 | D:1      | zishaf the Tengu Air Elementalist began the quest for the
                  | Orb.
     0 | D:1      | Reached XP level 1. HP: 10/10 MP: 4/4
   200 | D:1      | You fall into a shaft and drop 1 floor!
   216 | D:2      | Reached XP level 2. HP: 16/16 MP: 4/6
   245 | D:2      | Learned a level 2 spell: Static Discharge
   295 | D:2      | Noticed Robin
   367 | D:2      | Killed Robin
   368 | D:2      | Reached skill level 1 in Fighting
   376 | D:2      | Reached XP level 3. HP: 12/20 MP: 0/7
  1474 | D:2      | Reached XP level 4. HP: 25/25 MP: 4/8
  1645 | D:2      | Found a faded altar of an unknown god.
  2138 | D:3      | Reached skill level 5 in Air Magic
  2360 | D:3      | Gained mutation: Your magical nature lets you fly swiftly
                  | and evasively. [Tengu growth]
  2360 | D:3      | Reached XP level 5. HP: 30/30 MP: 7/10
  2748 | D:3      | Learned a level 4 spell: Airstrike
  3086 | D:4      | Noticed a phantom
  3088 | D:4      | Reached XP level 6. HP: 5/36 MP: 0/11
  3094 | D:4      | Slain by a phantom

Illustrated notes

Levels and vault maps discovered:
D:1:      heliophobic_arrival_henge, layout_basic, minmay_tromino_mix6
D:2:      layout_rooms, shapermc_ecumenical_altar_acropolis, grunt_ministairs_1,
          hangedman_decor_diamond_cutter, uniq_robin
D:3:      layout_basic
D:4:      layout_gridville, gup_ossuary_entry_pyramid, corexii_corridor_pit,
          st_stairs_8, minmay_misc_feat_tiny,
          minmay_a_box_with_orc_wizards_in_it

Skill      XL: |  1  2  3  4  5 |
---------------+----------------+-----
Fighting       | 1 2 |  2.9
Conjurations   | 2 3 4 |  4.0
Air Magic      | 5 |  5.7
Spellcasting   | 3 |  3.0
Dodging        | |  2.1
Stealth        | |  2.0

Action                   |  1- 3 |  4- 6 || total
-------------------------+-------+-------++-------
Melee: Unarmed           |    15 |       ||    15
       Kick              |     7 |     4 ||    11
       Peck              |     2 |     1 ||     3
       Staff             |       |     7 ||     7
 Cast: Shock             |    73 |    65 ||   138
       Static Discharge  |       |    10 ||    10
  Use: Scroll            |       |    11 ||    11
       Potion            |       |     2 ||     2
Armor: Robe              |     1 |     2 ||     3
Dodge: Dodged            |     7 |    11 ||    18

Table legend: (Time is in decaauts)
 A = Elapsed time spent in this place.
 B = Non-inter-level travel time spent in this place.
 C = Inter-level travel time spent in this place.
 D = Time resting spent in this place.
 E = Time spent auto-exploring this place.
 F = Levels seen in this place.
 G = Mean time per level.
                   A        B        C        D        E       F      G
               +--------+--------+--------+--------+--------+-----+--------+
         Total |   3047 |   3001 |     46 |      0 |   2460 |   4 |  761.8 |
       Dungeon |   3047 |   3001 |     46 |      0 |   2460 |   4 |  761.8 |
               +--------+--------+--------+--------+--------+-----+--------+

Top non-repeatable levels by time:
     D:3: 1041 daAuts
     D:1: 1030 daAuts
     D:2: 821 daAuts
     D:4: 154 daAuts
